 Dungeon Crawl Stone Soup version 0.20.1-1-g8b1a95d (webtiles) character file.

612 letownia2 the Grave Robber (level 7, -1/60 HPs)
             Began as a Deep Dwarf Necromancer on Dec 15, 2017.
             Slain by a mummy (15 damage)
             ... in an ossuary.
             The game lasted 00:13:26 (2886 turns).

letownia2 the Grave Robber (Deep Dwarf Necromancer) Turns: 2886, Time: 00:13:27

Health: -1/60      AC:  6    Str: 12    XL:     7   Next: 20%
Magic:  11/11      EV: 11    Int: 17    God:
Gold:   138        SH:  0    Dex: 13    Spells: 1/12 levels left

rFire    . . .     SeeInvis .   b - +0 shortbow
rCold    . . .     Gourm    .   (shield currently unavailable)
rNeg     . . .     Faith    .   e - +0 ring mail
rPois    .         Spirit   .   y - +0 helmet
rElec    .         Reflect  .   (no cloak)
rCorr    .         Harm     .   (no gloves)
MR       +....                  (no boots)
Stlth    ++........             (no amulet)
Regen    0.0/turn               m - ring of stealth
MPRegen  0.2/turn               (no ring)

@: non-regenerating
A: damage resistance, heal wounds, sense surroundings 1, no regeneration
a: Heal Wounds


You were in an ossuary.
You were not hungry.

You visited 1 branch of the dungeon, and saw 5 of its levels.
You also visited: Ossuary.

You collected 138 gold pieces.

Inventory:

Hand Weapons
 a - a +0 short sword
 b - a +0 shortbow (weapon)
Missiles
 h - 36 bolts
 p - 7 arrows (quivered)
Armour
 e - a +0 ring mail (worn)
 w - a +1 scale mail
 y - a +0 helmet (worn)
Jewellery
 m - a ring of stealth (left hand)
Wands
 l - a wand of polymorph (0/24)
 x - a wand of disintegration (7/24)
Scrolls
 d - a scroll of immolation {unknown}
 t - a scroll of blinking {unknown}
 u - a scroll of teleportation {unknown}
Potions
 f - a potion of heal wounds
 j - a potion of might {unknown}
 k - a potion of degeneration {unknown}
 n - a potion of flight {unknown}
 q - a potion of invisibility {unknown}
 r - a potion of berserk rage {unknown}
Books
 g - a book of Minor Magic

   Spells                             Type                      Level
   a - Magic Dart                     Conjuration                  1
   b - Blink                          Translocation                2
   c - Call Imp                       Summoning                    2
   d - Slow                           Hexes                        2
   e - Conjure Flame                  Conjuration/Fire             3
   f - Mephitic Cloud                 Conjuration/Poison/Air       3
 o - a book of Necromancy

   Spells                             Type                      Level
   a - Pain                           Necromancy                   1
   b - Animate Skeleton               Necromancy                   1
   c - Vampiric Draining              Necromancy                   3
   d - Regeneration                   Charms/Necromancy            3
   e - Animate Dead                   Necromancy                   4
   f - Control Undead                 Necromancy                   4
 v - a book of Flames

   Spells                             Type                      Level
   a - Flame Tongue                   Conjuration/Fire             1
   b - Throw Flame                    Conjuration/Fire             2
   c - Conjure Flame                  Conjuration/Fire             3
   d - Inner Flame                    Hexes/Fire                   3
   e - Sticky Flame                   Conjuration/Fire             4
   f - Fireball                       Conjuration/Fire             5
Comestibles
 c - 5 bread rations
 i - a fruit
 s - a meat ration


   Skills:
 - Level 2.2 Fighting
 - Level 2.1 Dodging
 - Level 2.4 Stealth
 - Level 3.1 Spellcasting
 + Level 0.1 Conjurations
 - Level 7.7 Necromancy
 + Level 0.5 Fire Magic
 - Level 3.3 Evocations


You had one spell level left.
You knew the following spells:

 Your Spells              Type           Power        Failure   Level  Hunger
a - Pain                  Necr           ####         1%          1    None
c - Conjure Flame         Conj/Fire      #.......     71%         3    ###....
d - Flame Tongue          Conj/Fire      #....        34%         1    None
e - Mephitic Cloud        Conj/Pois/Air  #.......     75%         3    ###....
v - Vampiric Draining     Necr           ####......   4%          3    ###....


Dungeon Overview and Level Annotations

Branches:
Dungeon (5/15)
 Temple: D:4-7

Altars:
Elyvilon


Innate Abilities, Weirdness & Mutations

You are resistant to damage.
You can heal yourself by infusing magical energy.
You passively map a small area around you.
You do not regenerate.


Message History

Unknown command.
An orc zombie comes into view.
Firing (i - inventory):
p - 9 arrows (quivered)
Press: ? - help, Shift-Dir - straight line, f - human zombie
Aim: a human zombie (lightly damaged)
You shoot an arrow.
The arrow closely misses the human zombie.
The arrow hits the hobgoblin zombie!
You destroy the hobgoblin zombie!
Unknown command.
Unknown command.
Firing (i - inventory):
p - 8 arrows (quivered)
Press: ? - help, Shift-Dir - straight line, f/p - human zombie
Aim: a human zombie (lightly damaged)
You shoot an arrow. The arrow hits the human zombie.
The human zombie is lightly damaged.
The orc zombie hits you but does no damage.
Unknown command.
The mummy hits you!
You die...

#...# ,,....# #...#
#.MM# ....##* ,#Z..#
#..(# ,.... #...#
#...# * #..#* #ZZ.#
#...# * ,#..# *,#...#
#...# ,,#..# #...#
#...######..######((.#
#........Z.ZZ.(Z.....#
#.....@Z.8..8........#
#....M...............#
#....................#
######################


You could see a mummy, a rat zombie, an orc zombie and 2 human zombies.

Vanquished Creatures
  A centaur (D:3)
  5 killer bees (D:5)
  A bullfrog zombie (D:5)
  A hound (D:3)
  An iguana (D:5)
  A bullfrog skeleton (D:5)
  4 worker ants
  2 hound skeletons (D:4)
  4 adders
  An adder zombie (Ossuary)
  An adder skeleton (D:4)
  An orc (D:3)
  3 giant cockroaches
  A goblin (D:2)
  2 hobgoblins (D:1)
  A jackal (D:2)
  3 kobolds
  A quokka (D:4)
  3 bats
  3 frilled lizards
  6 hobgoblin zombies (Ossuary)
  A jackal zombie (D:4)
  9 kobold zombies (Ossuary)
  7 orc zombies (Ossuary)
  A rat (D:2)
  A rat zombie (Ossuary)
65 creatures vanquished.

Notes
Turn   | Place    | Note
-------+----------+-------------------------------------------
     0 | D:1      | letownia2 the Deep Dwarf Necromancer began the quest for the Orb.
     0 | D:1      | Reached XP level 1. HP: 15/15 MP: 3/3
   268 | D:2      | Reached XP level 2. HP: 19/22 MP: 0/5
   466 | D:2      | Found a faded altar of an unknown god.
   603 | D:3      | Reached skill level 5 in Necromancy
   603 | D:3      | Reached XP level 3. HP: 24/28 MP: 1/6
   608 | D:3      | Learned a level 3 spell: Vampiric Draining
   752 | D:3      | Noticed a centaur
   763 | D:3      | HP: 2/42 [centaur (5)]
   765 | D:3      | Killed a centaur
   765 | D:3      | Reached skill level 6 in Necromancy
   765 | D:3      | Reached XP level 4. HP: 8/36 MP: 0/7
   829 | D:4      | Found a white marble altar of Elyvilon.
  1232 | D:4      | Reached XP level 5. HP: 21/42 MP: 0/8
  1355 | D:4      | Reached skill level 7 in Necromancy
  1919 | D:5      | Entered Level 5 of the Dungeon
  1986 | D:5      | Reached XP level 6. HP: 30/50 MP: 9/9
  2011 | D:5      | Reached skill level 1 in Evocations
  2041 | D:5      | Learned a level 1 spell: Flame Tongue
  2045 | D:5      | Learned a level 3 spell: Conjure Flame
  2110 | D:5      | Reached skill level 1 in Fighting
  2276 | D:5      | Found a sand-covered staircase.
  2279 | D:5      | Reached XP level 7. HP: 28/60 MP: 1/11
  2398 | Ossuary  | Entered an ossuary
  2718 | Ossuary  | Learned a level 3 spell: Mephitic Cloud
  2886 | Ossuary  | Slain by a mummy

Skill      XL: |  1  2  3  4  5  6 |
---------------+-------------------+-----
Spellcasting   | 2 3 |  3.1
Necromancy     | 5 6 7 |  7.7
Evocations     | 3 |  3.3
Fighting       | 2 |  2.2
Dodging        | |  2.1
Stealth        | |  2.4
Conjurations   | |  0.1
Fire Magic     | |  0.5

Action                   |  1- 3 |  4- 6 |  7- 9 || total
-------------------------+-------+-------+-------++-------
Melee: Unarmed           |     7 |    22 |       ||    29
       Short sword       |    14 |    63 |    12 ||    89
 Fire: Shortbow          |       |       |    71 ||    71
 Cast: Pain              |    26 |     6 |       ||    32
       Vampiric Draining |     1 |    23 |     1 ||    25
       Flame Tongue      |       |       |    13 ||    13
Evoke: Wand              |     4 |     1 |     2 ||     7
  Use: Scroll            |       |     3 |       ||     3
       Potion            |       |       |     1 ||     1
  Eat: Chunk             |       |     6 |       ||     6
       Meat ration       |       |       |     1 ||     1
       Fruit             |       |       |     1 ||     1
Armor: Ring mail         |    24 |    29 |    21 ||    74
       Skin              |     7 |     5 |       ||    12
Dodge: Dodged            |    45 |    92 |    19 ||   156
